 Dungeon Crawl Stone Soup version 0.23.2 (webtiles) character file.

Game seed: 2644076134344194106

55 Ethylacetat the Cudgeler (level 3, 0/33 HPs)
             Began as a Naga Gladiator on Apr 7, 2019.
             Slain by a giant cockroach (2 damage)
             ... on level 3 of the Dungeon.
             The game lasted 00:02:59 (1658 turns).

Ethylacetat the Cudgeler (Naga Gladiator)           Turns: 1658, Time: 00:02:59

Health: 0/33       AC:  4    Str: 17    XL:     3   Next: 93%
Magic:  3/3        EV: 10    Int:  8    God:
Gold:   118        SH:  0    Dex: 12    Spells: 2/2 levels left

rFire    . . .     SeeInvis +   a - +0 flail
rCold    . . .     Gourm    .   (no shield)
rNeg     . . .     Faith    .   b - +0 leather armour
rPois    +         Spirit   .   c - +0 helmet
rElec    .         Reflect  .   (no cloak)
rCorr    .         Harm     .   g - +0 pair of gloves
MR       .....                  (no barding)
Stlth    +.........             (no amulet)
HPRegen  0.11/turn              (no ring)
MPRegen  0.08/turn              (no ring)

@: short of breath, very slow
A: large, see invisible, deformed body, poison resistance, slowness 2, slow
metabolism 1, spit poison 1, AC +1
a: Spit Poison


You were on level 3 of the Dungeon.
You were not hungry.

You visited 1 branch of the dungeon, and saw 3 of its levels.

You collected 118 gold pieces.

Inventory:

Hand Weapons
 a - a +0 flail (weapon)
Missiles
 d - 3 throwing nets (quivered)
 k - 19 arrows
Armour
 b - a +0 leather armour (worn)
 c - a +0 helmet (worn)
 g - a +0 pair of gloves (worn)
Scrolls
 h - a scroll of remove curse {unknown}
 i - a scroll of amnesia {unknown}
 m - a scroll of fear {unknown}
 n - a scroll of enchant armour {unknown}
 p - 2 scrolls of fog {unknown}
 q - 2 scrolls of identify {unknown}
 r - a scroll of teleportation {unknown}
Potions
 e - a potion of curing {unknown}
 j - a potion of agility {unknown}
 l - a potion of ambrosia {unknown}
 o - a potion of haste {unknown}
Comestibles
 f - a ration


   Skills:
 + Level 2.8 Fighting
 * Level 4.2 Maces & Flails
 - Level 1.7 Throwing
 - Level 2.4 Dodging


You had 2 spell levels left.
You didn't know any spells.
Your spell library was empty.

Dungeon Overview and Level Annotations

Branches:
Dungeon (3/15)

Altars:


Innate Abilities, Weirdness & Mutations

You cannot wear boots.
Your serpentine skin is tough. (AC +1)
You have supernaturally acute eyesight. (SInv)
Armour fits poorly on your strangely shaped body.
Your system is resistant to poisons. (rPois)
You cover ground very slowly.
You have a slow metabolism.
You can spit poison.


Message History

You have got your breath back.
The hound completely misses you. The hound bites you.
* * * LOW HITPOINT WARNING * * *
The giant cockroach bites you but does no damage.
Press: ? - help, Shift-Dir - straight line, f/p - hound
Aim: a hound (heavily wounded)
The splash of poison misses the hound.
You feel slightly more hungry. The hound bites you.
* * * LOW HITPOINT WARNING * * *
The giant cockroach barely misses you. The hound closely misses you.
You barely miss the hound.
The hound is heavily wounded.
The giant cockroach barely misses you. The hound bites you.
* * * LOW HITPOINT WARNING * * *
The giant cockroach bites you but does no damage.
You hit the hound.
The hound is almost dead.
The hound barely misses you. The hound bites you but does no damage.
The giant cockroach bites you.
You die...

#. #....#
#....#
#....#
######.)..#
........###
#...(...#
#.......#
#.......#
+......@+
##....sh#
##+###..
#... .....
......
.......
#........


You could see a hound and a giant cockroach.

Vanquished Creatures
  2 oozes
  A worm (D:2)
  4 dart slugs
  A leopard gecko (D:1)
  2 orcs (D:3)
  3 giant cockroaches
  A goblin (D:3)
  3 hobgoblins
  7 bats
  A frilled lizard (D:1)
  4 kobolds
  5 rats
34 creatures vanquished.

Notes
Turn   | Place    | Note
-------+----------+-------------------------------------------
     0 | D:1      | Ethylacetat the Naga Gladiator began the quest for the Orb.
     0 | D:1      | Reached XP level 1. HP: 19/19 MP: 1/1
   183 | D:1      | Reached XP level 2. HP: 12/26 MP: 2/2
   583 | D:1      | Reached XP level 3. HP: 26/33 MP: 3/3
   936 | D:2      | Reached skill level 4 in Maces & Flails
  1658 | D:3      | Slain by a giant cockroach

Skill      XL: |  1  2  3 |
---------------+----------+-----
Maces & Flails | 4 |  4.2
Fighting       | |  2.8
Throwing       | |  1.7
Dodging        | |  2.4

Action                   || total
-------------------------++-------
Melee: Flail             ||   107
 Abil: Spit Poison       ||     8
  Eat: Chunk             ||     2
Armor: Leather armour    ||    52
Dodge: Dodged            ||    90
